 Dungeon Crawl Stone Soup version 0.17-a0-1164-g0ba867e (webtiles) character file.

477 AnnoyedKobold the Chiller (level 6, -7/45 HPs)
             Began as a Draconian Ice Elementalist on May 28, 2015.
             Mangled by a wasp zombie (10 damage)
             ... on level 5 of the Dungeon.
             The game lasted 00:17:39 (5881 turns).

AnnoyedKobold the Chiller (DrIE)                    Turns: 5881, Time: 00:17:39

Health: -7/45      AC:  9    Str: 10    XL:     6   Next: 85%
Magic:  13/13      EV: 12    Int: 18    God:
Gold:   390        SH:  0    Dex: 11    Spells: 3 memorised, 6 levels left

rFire  . . .     SeeInvis .     w - +0 rapier
rCold  + . .     Clarity  .     (armour unavailable)
rNeg   + . .     SustAt   .     (no shield)
rPois  .         Gourm    .     q - +2 hat
rElec  .         Spirit   .     (no cloak)
rCorr  .         Warding  +     t - +0 pair of gloves
rMut   .         Stasis   .     (no boots)
MR     .....                    s - amulet of warding
Stlth  ++........               (no ring)
                                d - ring of protection from cold

@: not resistant to hostile enchantments, unstealthy
A: unfitting armour, cold-blooded, AC +6
a: no special abilities


You were on level 5 of the Dungeon.
You were not hungry.

You visited 1 branch of the dungeon, and saw 6 of its levels.

You collected 390 gold pieces.

Inventory:

Hand weapons
 j - a +0 blowgun
 w - a +0 rapier (weapon)
Missiles
 k - 7 curare-tipped needles (quivered)
Armour
 q - a +2 hat (worn)
 t - a +0 pair of gloves (worn)
Jewellery
 d - a ring of protection from cold (left hand)
 s - an amulet of warding (around neck)
Magical devices
 v - a wand of lightning (2)
Scrolls
 m - a scroll of immolation {unknown}
 n - a scroll of remove curse
 r - 2 scrolls of recharging {unknown}
 u - a scroll of noise {unknown}
 x - a scroll of fog {unknown}
Potions
 c - 3 potions of curing
 e - a potion of magic
 f - a potion of mutation
 h - a potion of berserk rage {unknown}
 i - 3 potions of agility
 p - a potion of heal wounds
 A - a potion of flight
 B - 2 potions of brilliance {unknown}
Books
 a - a book of Frost

   Spells                             Type                      Level
   a - Freeze                         Ice                          1
   b - Throw Frost                    Conjuration/Ice              2
   c - Ozocubu's Armour               Charms/Ice                   3
   d - Throw Icicle                   Conjuration/Ice              4
   e - Summon Ice Beast               Ice/Summoning                4
   f - Condensation Shield            Ice                          4
Comestibles
 b - 3 bread rations
 g - 3 meat rations
 l - 3 fruits
 o - a slice of pizza


   Skills:
 - Level 2.0 Dodging
 - Level 1.8 Stealth
 + Level 4.7 Spellcasting
 - Level 1.0 Conjurations
 + Level 6.0 Ice Magic


You had 6 spell levels left.
You knew the following spells:

 Your Spells              Type           Power        Failure   Level  Hunger
a - Freeze                Ice            ####         1%          1    None
b - Throw Icicle          Conj/Ice       ###.....     34%         4    ####...
c - Ozocubu's Armour      Chrm/Ice       ###.....     14%         3    ###....


Dungeon Overview and Level Annotations

Branches:
Dungeon (6/15)
 Temple: D:4-7

Altars:


Innate Abilities, Weirdness & Mutations

Your plain brown scales are hard (AC +6).
Your body does not fit into most forms of armour.
You are cold-blooded and may be slowed by cold attacks.


Message History

You closely miss the wasp zombie. The wasp zombie hits you.
You barely miss the wasp zombie.
Your tail-slap misses the wasp zombie.
The wasp zombie barely misses you. The wasp zombie hits you.
You closely miss the wasp zombie.
The wasp zombie hits you but does no damage.
You hit the wasp zombie but do no damage.
The wasp zombie hits you! The wasp zombie hits you.
* * * LOW HITPOINT WARNING * * *
You hit the wasp zombie. The wasp zombie closely misses you.
The wasp zombie hits you but does no damage.
You hit the wasp zombie but do no damage.
The wasp zombie misses you.
You hit the wasp zombie but do no damage.
The wasp zombie hits you but does no damage.
The wasp zombie misses you.
You barely miss the wasp zombie. The wasp zombie closely misses you.
You hit the wasp zombie. The wasp zombie hits you!
* * * LOW HITPOINT WARNING * * *
The wasp zombie hits you!
You die...

##...#...#
#.....#.#.(.#
#.##......(.#####.
#.##.#.#(.........
#.##.#....(.......
#.#.......#.###...
######.#.....>##(#
.. #..... ##.#.##
##[####. #....#
#)# #.
###.###.###.# #.
#####...# #.....#
#.
........###.....#
#.


You could see a wasp zombie.

Vanquished Creatures
  A scorpion (D:4)
  A hound (D:4)
  An orc priest (D:3)
  A crimson imp (D:5)
  An orc wizard (D:3)
  A worker ant (D:4)
  An iguana (D:5)
  Jessica (D:2)
  3 gnolls (D:3)
  5 adders
  A shadow imp (D:5)
  An ooze (D:3)
  An adder zombie (D:5)
  4 worms
  15 orcs
  3 giant cockroaches
  13 hobgoblins
  4 jackals (D:3)
  15 kobolds
  A quokka (D:3)
  A ball python (D:4)
  15 bats
  2 giant geckos
  8 giant newts
  11 goblins
  A jackal skeleton (D:5)
  18 rats
130 creatures vanquished.

Notes
Turn   | Place    | Note
--------------------------------------------------------------
     0 | D:1      | AnnoyedKobold the Draconian Ice Elementalist began the quest for the Orb.
     0 | D:1      | Reached XP level 1. HP: 14/14 MP: 3/3
   305 | D:1      | Reached XP level 2. HP: 20/20 MP: 1/5
   684 | D:1      | Reached XP level 3. HP: 22/26 MP: 1/6
   866 | D:1      | Reached skill level 4 in Ice Magic
  1556 | D:2      | Noticed Jessica
  1562 | D:2      | Killed Jessica
  1562 | D:2      | Reached XP level 4. HP: 27/33 MP: 3/8
  2265 | D:3      | Reached XP level 5. HP: 28/38 MP: 3/9
  2523 | D:3      | Reached skill level 5 in Ice Magic
  3632 | D:3      | Reached XP level 6. HP: 37/45 MP: 7/11
  4449 | D:4      | Learned a level 4 spell: Throw Icicle
  4453 | D:4      | Learned a level 3 spell: Ozocubu's Armour
  5204 | D:5      | Entered Level 5 of the Dungeon
  5616 | D:5      | Reached skill level 6 in Ice Magic
  5881 | D:5      | Mangled by a wasp zombie

Vault maps used:
D:1:      minmay_arrival_open_corners, minmay_cupped
D:2:      uniq_jessica
D:5:      first_bread
D:6:      tgw_xom, temple_fountains

Action                   |  1- 3 |  4- 6 || total
-------------------------+-------+-------++-------
Melee: Unarmed           |     4 |       ||     4
       Hand axe          |    65 |    41 ||   106
       Rapier            |       |    66 ||    66
 Cast: Freeze            |    60 |   130 ||   190
  Use: Scroll            |     3 |     5 ||     8
       Potion            |     1 |     2 ||     3
 Stab: Sleeping          |     1 |     2 ||     3
  Eat: Chunk             |     3 |    12 ||    15
       Pizza             |       |     1 ||     1
